 Dungeon Crawl Stone Soup version 0.18-b1-22-ge198996 (webtiles) character file.

191 Zhenya25pyc the Chopper (level 5, -6/47 HPs)
             Began as a Hill Orc Fighter on May 3, 2016.
             Was an Initiate of Okawaru.
             Mangled by a scorpion (7 damage)
             ... on level 4 of the Dungeon.
             The game lasted 00:03:47 (2794 turns).

Zhenya25pyc the Chopper (Hill Orc Fighter)          Turns: 2794, Time: 00:03:48

Health: -6/47      AC:  7    Str: 20    XL:     5   Next: 70%
Magic:  5/5        EV:  7    Int:  8    God:    Okawaru [......]
Gold:   143        SH:  9    Dex: 10    Spells: 0 memorised, 4 levels left

rFire  . . .     SeeInvis .     a - +0 war axe
rCold  . . .     Gourm    .     b - +0 scale mail
rNeg   . . .     Faith    .     c - +0 shield
rPois  .         Spirit   .     (no helmet)
rElec  .         Dismiss  .     (no cloak)
rCorr  .         Reflect  .     (no gloves)
SustAt .         Harm     .     (no boots)
MR     .....                    (no amulet)
Stlth  ..........               (no ring)
                                (no ring)

@: lethally poisoned (-6 -> -18), not resistant to hostile enchantments,
extremely unstealthy
A: no striking features
a: Renounce Religion


You were on level 4 of the Dungeon.
You worshipped Okawaru.
Okawaru was noncommittal.
You were hungry.

You visited 1 branch of the dungeon, and saw 4 of its levels.

You collected 143 gold pieces.

Inventory:

Hand Weapons
 a - a +0 war axe (weapon)
Armour
 b - a +0 scale mail (worn)
 c - a +0 shield (worn)
Wands
 r - a wand of digging (8/24)
Scrolls
 g - 7 scrolls of identify {unknown}
 j - 2 scrolls of random uselessness {unknown}
 k - 2 scrolls of remove curse {unknown}
 m - a scroll of enchant weapon {unknown}
 p - a scroll of noise {unknown}
 q - a scroll of teleportation {unknown}
 t - a scroll of recharging {unknown}
 u - a scroll of immolation {unknown}
 v - a scroll of magic mapping {unknown}
Potions
 d - 2 potions of might
 e - a potion of magic {unknown}
 i - 2 potions of mutation {unknown}
 l - a potion of curing {unknown}
 o - a potion of degeneration {unknown}
 w - a potion of ambrosia {unknown}
 x - 2 potions of resistance {unknown}
 z - a potion of cure mutation {unknown}
Books
 s - a book of Unlife

   Spells                             Type                      Level
   a - Recall                         Summoning/Translocation      3
   b - Animate Dead                   Necromancy                   4
   c - Control Undead                 Necromancy                   4
   d - Cigotuvi's Embrace             Necromancy                   5
   e - Death Channel                  Necromancy                   6
   f - Simulacrum                     Ice/Necromancy               6
Comestibles
 f - 2 bread rations
 h - 2 meat rations
 n - 2 slices of pizza


   Skills:
 + Level 4.6 Fighting
 * Level 4.9 Axes
 + Level 4.4 Armour
 + Level 4.2 Shields


You had 4 spell levels left.
You didn't know any spells.

Dungeon Overview and Level Annotations

Branches:
Dungeon (4/15)
 Temple: D:4-7

Altars:
Ashenzari
Fedhas
Okawaru
Pakellas

Annotations:
D:3 exclusion: oklob plant


Message History

* * * LOW HITPOINT WARNING * * *
The scorpion barely misses you.
You are too injured to fight recklessly!
You are too injured to fight recklessly!
You hit the scorpion but do no damage.
The scorpion is heavily wounded.
* * * LOW HITPOINT WARNING * * *
You feel sick. The scorpion stings you.
* * * LOW HITPOINT WARNING * * *
Unknown command.
You hit the scorpion.
The scorpion is heavily wounded.
* * * LOW HITPOINT WARNING * * *
You feel sick. You block the scorpion's attack.
Unknown command.
You barely miss the scorpion.
The scorpion is heavily wounded.
* * * LOW HITPOINT WARNING * * *
You feel sick. The scorpion stings you!
You die...

##..# ....#
##########....$
##..............
..............+
##............#
.........s...#
#..........@....#
#...............♣
#..........####♣♣
#..........####
#.............♣♣
#..........##P.♣
#.........†♣.♣♣.♣
#.....<.....♣PP♣.♣
#..........♣P..♣


You could see a scorpion.

Vanquished Creatures
  A worker ant (D:3)
  3 gnolls (D:2)
  4 adders
  2 oozes (D:1)
  3 worms
  3 dart slugs
  2 giant geckos
  9 bats
  6 giant cockroaches
  4 hobgoblins
  7 jackals
  7 kobolds
  A quokka (D:4)
  3 ball pythons
  7 giant newts
  4 goblins
  14 rats
80 creatures vanquished.

Notes
Turn   | Place    | Note
--------------------------------------------------------------
     0 | D:1      | Zhenya25pyc the Hill Orc Fighter began the quest for the Orb.
     0 | D:1      | Reached XP level 1. HP: 19/19 MP: 1/1
   119 | D:1      | Reached XP level 2. HP: 23/27 MP: 2/2
   289 | D:1      | Reached XP level 3. HP: 25/33 MP: 3/3
  1010 | D:2      | Reached XP level 4. HP: 33/40 MP: 4/4
  1350 | D:2      | Found an iron altar of Okawaru.
  1378 | D:2      | Became a worshipper of Warmaster Okawaru
  1489 | D:2      | Found a shattered altar of Ashenzari.
  1490 | D:2      | Found an oddly glowing altar of Pakellas.
  1594 | D:2      | Reached XP level 5. HP: 14/47 MP: 5/5
  2271 | D:3      | Found a blossoming altar of Fedhas.
  2285 | D:3      | Noticed an oklob plant
  2794 | D:4      | HP: 1/47 [poisoned by a scorpion]
  2794 | D:4      | Mangled by a scorpion

Skill      XL: |  1  2  3  4 |
---------------+-------------+-----
Axes           | 3 4 |  4.9
Fighting       | 4 |  4.6
Armour         | 4 |  4.4
Shields        | 4 |  4.2

Action                   |  1- 3 |  4- 6 || total
-------------------------+-------+-------++-------
Melee: War axe           |   140 |   143 ||   283
  Eat: Chunk             |     1 |     5 ||     6
Armor: Scale mail        |    97 |    54 ||   151
Dodge: Dodged            |    37 |    44 ||    81
Block: Shield            |    82 |    80 ||   162
